 Dungeon Crawl Stone Soup version 0.21-a0-241-g2cbab09 (webtiles) character file.

1511 tidbits the Fighter (level 8, -7/74 HPs)
             Began as a Demigod Wanderer on Sept 3, 2017.
             Mangled by a hornet (13 damage)
             ... on level 7 of the Dungeon.
             The game lasted 00:20:29 (2802 turns).

tidbits the Fighter (Demigod Wanderer)              Turns: 2802, Time: 00:20:29

Health: -7/74      AC: 10    Str: 16    XL:     8   Next: 28%
Magic:  13/13      EV:  9    Int: 16    God:
Gold:   227        SH:  0    Dex: 18    Spells: 10/10 levels left

rFire    . . .     SeeInvis .   q - +1 mace (freeze) (curse)
rCold    . . .     Gourm    .   (no shield)
rNeg     + . .     Faith    .   g - +0 chain mail
rPois    .         Spirit   .   (no helmet)
rElec    .         Reflect  .   (no cloak)
rCorr    .         Harm     .   (no gloves)
MR       .....                  F - +0 pair of boots
Stlth    ..........             (no amulet)
HPRegen  0.22/turn              l - ring of positive energy
MPRegen  0.13/turn              (no ring)

@: lethally poisoned (-7 -> -12), very slightly contaminated, invisible
A: high mp 1
a: no special abilities


You were on level 7 of the Dungeon.
You were hungry.

You visited 1 branch of the dungeon, and saw 7 of its levels.

You collected 227 gold pieces.

Inventory:

Hand Weapons
 a - a +3 great sword
 b - a +3 hunting sling
 q - a cursed +1 mace of freezing (weapon)
   (You took it off a wight on level 5 of the Dungeon)
 z - a +0 quarterstaff
 H - a +0 great sword
 I - a +1 dagger of venom
   (You took it off Ijyb on level 4 of the Dungeon)
Missiles
 i - 39 sling bullets
 n - 128 stones (quivered)
 p - 13 bolts
 t - 35 arrows
 u - 2 tomahawks
 w - 6 needles of confusion
Armour
 d - a +0 robe
 g - a +0 chain mail (worn)
 x - a +0 ring mail
 F - a +0 pair of boots (worn)
Magical Staves
 v - an uncursed staff of earth
   (You found it on level 4 of the Dungeon)
Jewellery
 l - a ring of positive energy (left hand)
   (You found it on level 4 of the Dungeon)
 m - an uncursed ring of fire
   (You took it off an orc on level 4 of the Dungeon)
Wands
 e - a wand of confusion (12/48)
 j - a wand of lightning (0/15)
 C - a wand of acid (8/15)
 D - a wand of paralysis (3/24)
Scrolls
 c - 4 scrolls of teleportation
 E - a scroll of recharging {unknown}
 G - 3 scrolls of identify
Potions
 k - 2 potions of curing
 o - 2 potions of flight
 K - a potion of haste
Books
 r - Siont's Volume of Dark Rites

   Spells                             Type                      Level
   a - Corpse Rot                     Necromancy                   2
   b - Sublimation of Blood           Necromancy                   2
 y - a book of Minor Magic
   (You found it on level 5 of the Dungeon)

   Spells                             Type                      Level
   a - Magic Dart                     Conjuration                  1
   b - Blink                          Translocation                2
   c - Call Imp                       Summoning                    2
   d - Slow                           Hexes                        2
   e - Conjure Flame                  Conjuration/Fire             3
   f - Mephitic Cloud                 Conjuration/Poison/Air       3
 A - a book of Callings
   (You found it on level 5 of the Dungeon)

   Spells                             Type                      Level
   a - Summon Small Mammal            Summoning                    1
   b - Call Imp                       Summoning                    2
   c - Call Canine Familiar           Summoning                    3
   d - Summon Guardian Golem          Hexes/Summoning              3
   e - Summon Lightning Spire         Summoning/Air                4
   f - Summon Ice Beast               Ice/Summoning                4
Comestibles
 f - 3 bread rations
 h - 4 meat rations
 s - 2 fruits


   Skills:
 + Level 8.0 Fighting
   Level 1.0 Crossbows
 - Level 3.6 Armour
 + Level 5.3 Dodging
 - Level 1.7 Spellcasting
   Level 1.0 Charms
 - Level 1.7 Evocations


You had 10 spell levels left.
You didn't know any spells.

Dungeon Overview and Level Annotations

Branches:
Dungeon (7/15)             Temple (0/1) D:4

Annotations:
D:5 Senpai's ghost, novice MiWn


Innate Abilities, Weirdness & Mutations

You have an increased reservoir of magic. (+10% MP)


Message History

The quasit closely misses you.
The quasit claws you but does no damage. x2
The quasit barely misses you. x2; The quasit claws you.
You thump the quasit!
You kill the quasit!
Evoke which item? (* to show all) (? for menu, Esc to quit)
Aiming: Corrosive Bolt
Press: ? - help, Shift-Dir - straight line, f - hornet
Aim: a hornet The bolt of acid hits the hippogriff.
The hippogriff is splashed with acid.
The acid corrodes the hippogriff!
The hippogriff is moderately wounded.
The bolt of acid hits the hornet.
The hornet is splashed with acid.
The acid corrodes the hornet!
The hornet is moderately wounded.
This wand has 8 charges left.
The hippogriff bites you but does no damage.
The hippogriff pecks you but does no damage.
The hippogriff claws you but does no damage.
You completely miss the hippogriff.
The hippogriff is moderately wounded.
The hippogriff bites you but does no damage.
The hippogriff pecks you. The hippogriff claws you.
The hippogriff bites you but does no damage.
The hippogriff pecks you.
The hippogriff claws you but does no damage.
You hit the hippogriff. You freeze the hippogriff.
The hippogriff is heavily wounded.
The hippogriff bites you.
* * * LOW HITPOINT WARNING * * *
The hippogriff pecks you but does no damage.
The hippogriff claws you but does no damage.
You sock the hippogriff! You freeze the hippogriff.
The hippogriff is severely wounded.
The hippogriff bites you.
* * * LOW HITPOINT WARNING * * *
The hippogriff pecks you.
* * * LOW HITPOINT WARNING * * *
The hippogriff barely misses you.
You closely miss the hippogriff.
The hippogriff is severely wounded.
The hornet is no longer covered in acid.
The hippogriff bites you but does no damage.
The hippogriff pecks you but does no damage.
The hippogriff claws you.
* * * LOW HITPOINT WARNING * * *
The hippogriff bites you.
* * * LOW HITPOINT WARNING * * *
The hippogriff pecks you.
* * * LOW HITPOINT WARNING * * *
The hippogriff closely misses you.
You hit the hippogriff. You freeze the hippogriff.
The hippogriff is severely wounded.
The hippogriff bites you.
* * * LOW HITPOINT WARNING * * *
The hippogriff pecks you but does no damage.
The hippogriff claws you.
* * * LOW HITPOINT WARNING * * *
You thump the hippogriff! You freeze the hippogriff.
The hippogriff is almost dead.
The hippogriff bites you!
* * * LOW HITPOINT WARNING * * *
The hippogriff barely misses you. The hippogriff claws you.
* * * LOW HITPOINT WARNING * * *
The hippogriff barely misses you. The hippogriff pecks you.
* * * LOW HITPOINT WARNING * * *
The hippogriff claws you.
* * * LOW HITPOINT WARNING * * *
You feel better.
The hippogriff is no longer covered in acid.
The hippogriff barely misses you.
The hippogriff pecks you but does no damage.
The hippogriff barely misses you.
You fade into invisibility!
The hippogriff bites you but does no damage.
The hippogriff pecks you.
* * * LOW HITPOINT WARNING * * *
The hippogriff claws you but does no damage.
You are very lightly contaminated with residual magic.
You hit the hippogriff. You freeze the hippogriff.
You kill the hippogriff!
You feel your dexterity returning.
Your Fighting skill increases to level 8!
Your Dodging skill increases to level 5!
The hornet stings you.
* * * LOW HITPOINT WARNING * * *
You suddenly lose the ability to move!
The hornet stings you.
* * * LOW HITPOINT WARNING * * *
You are poisoned.
You feel yourself slow down.
You can move again.
Evoke which item? (* to show all) (? for menu, Esc to quit)
Aiming: Paralyse
Press: ? - help, Shift-Dir - straight line, f/p - hornet
Aim: a hornet (moderately wounded, chance to defeat MR: 42%)
The hornet resists with some effort.
This wand has 3 charges left.
You feel yourself speed up.
* * * LOW HITPOINT WARNING * * *
You feel sick. The hornet stings you!
You die...

## ####### ..
....... #.
.......##.
...h...#.#
.....%.#@#
.......#y##
.(.....##J##
.....).5...#
..#.##.##.....#
#. #....## #.
.....# ##
#...## ....#


You could see a hornet and a jelly.

Vanquished Creatures
  A hippogriff (D:7)
  Grinder (D:5)
  Eustachio (D:5)
  An ice beast (D:6)
  2 ogres
  A bullfrog (D:6)
  4 wights
  6 crimson imps
  2 quasits
  2 hounds
  A centaur skeleton (D:4)
  Ijyb (D:4)
  A worker ant (D:5)
  A hound skeleton (D:6)
  4 adders
  2 oozes
  4 dart slugs
  A worm (D:2)
  3 leopard geckos
  2 orcs (D:4)
  2 ball pythons (D:2)
  4 bats (D:2)
  2 giant cockroaches
  10 goblins
  3 hobgoblins (D:2)
  3 jackals (D:6)
  3 quokkas
  2 frilled lizards
  2 jackal skeletons (D:4)
  3 kobolds
  5 rats
80 creatures vanquished.

Notes
Turn   | Place    | Note
-------+----------+-------------------------------------------
     0 | D:1      | tidbits the Demigod Wanderer began the quest for the Orb.
     0 | D:1      | tidbits set off with: a wand of confusion (15/48), Siont's Volume of Dark Rites, a scroll of teleportation, a +0 robe, a +0 dagger, a bread ration
     0 | D:1      | Reached XP level 1. HP: 14/14 MP: 5/5
     0 | D:1      | Identified Siont's Volume of Dark Rites
    56 | D:1      | Reached skill level 1 in Fighting
   175 | D:1      | Reached XP level 2. HP: 22/23 MP: 7/7
   369 | D:2      | Reached skill level 2 in Fighting
   616 | D:2      | Reached XP level 3. HP: 30/30 MP: 8/8
   817 | D:2      | HP: 3/30 [hobgoblin (2)]
   844 | D:2      | Reached skill level 3 in Fighting
   994 | D:4      | Noticed Ijyb
  1014 | D:4      | Killed Ijyb
  1015 | D:4      | Reached XP level 4. HP: 17/38 MP: 9/9
  1124 | D:5      | Entered Level 5 of the Dungeon
  1130 | D:5      | Reached skill level 4 in Fighting
  1155 | D:5      | Found a hazy altar of Hepliaklqana.
  1161 | D:5      | Noticed Senpai's ghost (novice MiWn)
  1163 | D:5      | Noticed a centaur
  1164 | D:5      | Noticed Eustachio
  1176 | D:5      | HP: 4/40 [Senpai's ghost (5)]
  1189 | D:5      | Killed Eustachio
  1189 | D:5      | Reached skill level 5 in Fighting
  1189 | D:5      | Reached XP level 5. HP: 11/48 MP: 10/10
  1236 | D:4      | Found a staircase to the Ecumenical Temple.
  1305 | D:4      | Noticed an ogre
  1316 | D:4      | Killed an ogre
  1316 | D:4      | Reached XP level 6. HP: 29/57 MP: 11/11
  1594 | D:3      | Reached skill level 6 in Fighting
  1803 | D:5      | Noticed Grinder
  1830 | D:5      | Killed Grinder
  1830 | D:5      | Reached skill level 2 in Dodging
  1930 | D:6      | Reached XP level 7. HP: 64/64 MP: 12/12
  2110 | D:6      | Reached skill level 3 in Dodging
  2298 | D:5      | Reached skill level 7 in Fighting
  2452 | D:5      | Reached skill level 4 in Dodging
  2523 | D:7      | Noticed a hippogriff
  2577 | D:6      | Reached XP level 8. HP: 58/73 MP: 13/13
  2685 | D:6      | Found a sparkling altar of Nemelex Xobeh.
  2788 | D:7      | Noticed a hornet
  2798 | D:7      | HP: 7/74 [hippogriff (4)]
  2801 | D:7      | Killed a hippogriff
  2801 | D:7      | Reached skill level 8 in Fighting
  2801 | D:7      | Reached skill level 5 in Dodging
  2801 | D:7      | Paralysed by a hornet for 1 turns
  2802 | D:7      | Mangled by a hornet

Vault maps used:
D:1:      lemuel_arrival_lava_pool
D:2:      lemuel_upstairs_altar, first_bread, kennysheep_generic_room_11
D:3:      overflow_temple_1_default, serial_bayou, serial_bayou_pond_c,
          serial_bayou_shore_a, serial_bayou_pond_d, serial_bayou_pond_e,
          serial_bayou_shore_b, serial_bayou_pond_e, feat_on_display
D:4:      kennysheep_the_goblin_king, minmay_temple_entry_junction
D:5:      lemuel_crystal_altar, uniq_eustachio, uniq_grinder
D:6:      marbit_many_paths
D:7:      nicolae_gozag_zags_fifth_avenue, uniq_pikel

Skill      XL: |  1  2  3  4  5  6  7  8 |
---------------+-------------------------+-----
Fighting       | 1 2 3 5 6 7 8 |  8.0
Dodging        | 2 4 5 |  5.3
Crossbows      | |  1.0
Armour         | |  3.6
Spellcasting   | |  1.7
Charms         | |  1.0
Evocations     | |  1.7

Action                   |  1- 3 |  4- 6 |  7- 9 || total
-------------------------+-------+-------+-------++-------
Melee: Dagger            |   143 |    84 |    14 ||   241
       Mace              |       |       |   126 ||   126
       Great sword       |       |       |    10 ||    10
 Fire: Hunting sling     |    43 |    21 |    28 ||    92
Throw: Stone             |       |     1 |       ||     1
Evoke: Wand              |       |     4 |     2 ||     6
  Use: Potion            |     3 |     4 |     2 ||     9
       Scroll            |       |     3 |     3 ||     6
 Stab: Invisible         |       |     1 |       ||     1
       Confused          |       |     6 |       ||     6
  Eat: Chunk             |       |     3 |     3 ||     6
Armor: Chain mail        |   117 |    33 |   156 ||   306
Dodge: Dodged            |    47 |    26 |   115 ||   188
       Rpst.: Great sword |       |       |     1 ||     1

Table legend:
 A = Spawn XP
 B = Non-spawn XP
 C = Spawn XP percentage of total XP
 D = Spawn monster count
 E = Non-spawn monster count
 F = Spawn count percentage of total count
 G = Total turns spent on level
                    A         B        C        D         E        F      G
               +---------+---------+-------+---------+---------+-------+---------
         Total |     330 |    1829 |  15.3 |       9 |      71 |  11.2 |  2802
               +---------+---------+-------+---------+---------+-------+---------
           D:1 |       1 |      21 |   4.5 |       1 |       7 |  12.5 |   327
           D:2 |       2 |      51 |   3.8 |       1 |      20 |   4.8 |   594
           D:3 |       0 |      26 |   0.0 |       0 |       4 |   0.0 |   200
           D:4 |       6 |     214 |   2.7 |       2 |      15 |  11.8 |   580
           D:5 |     166 |     581 |  22.2 |       2 |       6 |  25.0 |   364
           D:6 |     155 |     586 |  20.9 |       3 |      16 |  15.8 |   698
           D:7 |       0 |     350 |   0.0 |       0 |       3 |   0.0 |    39
               +---------+---------+-------+---------+---------+-------+---------

Table legend:
 A = Turns spent in this place as a percentage of turns spent in the entire game.
 B = Non-inter-level travel turns spent in this place as a percentage of non-inter-level travel turns spent in the entire game.
 C = Inter-level travel turns spent in this place as a percentage of turns spent in this place.
 D = Turns resting spent in this place as a percentage of non-inter-level travel turns spent in this place.
 E = Turns spent auto-exploring this place as a percentage of non-inter-level travel turns spent in this place.
 F = Non-inter-level travel turns spent in this place divided by the number of levels of this place that you've seen.
                   A       B       C       D       E      F
               +-------+-------+-------+-------+-------+----------------------
         Total | 100.0 | 100.0 |   7.2 |   0.0 |   0.0 | 371.6
       Dungeon | 100.0 | 100.0 |   7.2 |   0.0 |   0.0 | 371.6
               +-------+-------+-------+-------+-------+----------------------

Table legend:
 A = Kills in this place as a percentage of kills in entire the game.
 B = Kills by you in this place as a percentage of kills by you in the entire game.
 C = Kills by friends in this place as a percentage of kills by friends in the entire game.
 D = Other kills in this place as a percentage of other kills in the entire game.
 E = Experience gained in this place as a percentage of experience gained in the entire game.
 F = Experience gained in this place divided by the number of levels of this place that you have seen.
                   A       B       C       D       E      F
               +-------+-------+-------+-------+-------+----------------------
         Total | 100.0 | 100.0 |   N/A |   N/A | 100.0 | 308.4
       Dungeon | 100.0 | 100.0 |   N/A |   N/A | 100.0 | 308.4
               +-------+-------+-------+-------+-------+----------------------

Vault maps used:
D:1:      lemuel_arrival_lava_pool
D:2:      lemuel_upstairs_altar, first_bread, kennysheep_generic_room_11
D:3:      overflow_temple_1_default, serial_bayou, serial_bayou_pond_c,
          serial_bayou_shore_a, serial_bayou_pond_d, serial_bayou_pond_e,
          serial_bayou_shore_b, serial_bayou_pond_e, feat_on_display
D:4:      kennysheep_the_goblin_king, minmay_temple_entry_junction
D:5:      lemuel_crystal_altar, uniq_eustachio, uniq_grinder
D:6:      marbit_many_paths
D:7:      nicolae_gozag_zags_fifth_avenue, uniq_pikel
